 Dungeon Crawl Stone Soup version 0.22-a0-300-g82e80c5 (webtiles) character file.

79197 b5mith the Warrior (level 15, -4/144 HPs)
             Began as a Minotaur Berserker on Mar 25, 2018.
             Was a High Priest of Trog.
             Slain by a catoblepas (10 damage)
             ... on level 6 of the Lair of Beasts.
             The game lasted 01:03:28 (20731 turns).

b5mith the Warrior (Minotaur Berserker)            Turns: 20731, Time: 01:03:30

Health: -4/144     AC: 26    Str: 30    XL:     15   Next: 20%
Magic:  14/14      EV:  2    Int:  4    God:    Trog [*****.]
Gold:   1444       SH:  0    Dex: 10    Spells: 14/14 levels left

rFire    . . .     SeeInvis +   a - +8 triple sword of Evolution {freeze, Str+2}
rCold    . . .     Gourm    .   (shield currently unavailable)
rNeg     + + +     Faith    .   M - +0 plate armour
rPois    ∞         Spirit   .   r - +2 hat
rElec    .         Reflect  +   y - +0 cloak
rCorr    .         Harm     .   U - +0 pair of gloves (curse)
MR       +....                  v - +2 pair of boots {Stlth+}
Stlth    ..........             A - +3 amulet of reflection
HPRegen  0.34/turn              m - ring of see invisible
MPRegen  0.14/turn              Q - +5 ring of evasion

@: lethally poisoned (-4 -> -4), petrified
A: retaliatory headbutt, horns 2
a: Berserk, Trog's Hand, Brothers in Arms, Renounce Religion


You were on level 6 of the Lair of Beasts.
You worshipped Trog.
Trog was extremely pleased with you.
You were hungry.

You visited 2 branches of the dungeon, and saw 21 of its levels.

You collected 1444 gold pieces.

Inventory:

Hand Weapons
 a - the +8 triple sword of Evolution (weapon) {freeze, Str+2}
   (Trog gifted it to you on level 4 of the Lair of Beasts)

   It has been specially enchanted to freeze those struck by it, causing extra
   injury to most foes and up to half again as much damage against particularly
   susceptible opponents.
   It can also slow down cold-blooded creatures.
   It affects your strength (+2).
 b - a +1 hunting sling of freezing
 x - a +8 triple sword of slicing
 C - a +6 antimagic great sword
Missiles
 o - 174 sling bullets
Armour
 r - a +2 hat (worn)
 v - a +2 pair of boots of stealth (worn)
 y - a +0 cloak (worn)
 M - a +0 plate armour (worn)
 U - a cursed +0 pair of gloves (worn)
Jewellery
 i - an uncursed amulet of faith
 k - a +2 ring of intelligence {unknown}
 l - an uncursed ring of protection from cold
 m - a ring of see invisible (left hand)
 A - a +3 amulet of reflection (around neck)
 F - an uncursed ring of protection from magic
 J - an uncursed ring of protection from magic
 L - an uncursed ring of resist corrosion {unknown}
 Q - a +5 ring of evasion (right hand)
 Y - an uncursed ring of poison resistance {unknown}
Wands
 n - a wand of polymorph (13)
 D - a wand of iceblast (23)
 H - a wand of flame (32)
 P - a wand of acid (9)
 T - a wand of scattershot (4)
 W - a wand of enslavement (13)
Scrolls
 e - a scroll of vulnerability {unknown}
 f - 2 scrolls of blinking
 g - 4 scrolls of identify {@r1}
 h - 4 scrolls of teleportation
 p - 4 scrolls of enchant armour
 q - 9 scrolls of remove curse {@r2}
 w - 7 scrolls of immolation
 z - 3 scrolls of fear
 G - 4 scrolls of magic mapping
 N - 2 scrolls of torment {unknown}
 R - a scroll of random uselessness {unknown}
 S - a scroll of holy word {unknown}
Potions
 d - a potion of cancellation {unknown}
 j - 5 potions of curing {@q1}
 s - 3 potions of lignification
 t - 2 potions of flight
 u - 4 potions of magic
 B - 4 potions of haste {unknown}
 E - a potion of might {unknown}
 I - 3 potions of agility {unknown}
 K - 4 potions of mutation {unknown}
 O - 6 potions of heal wounds
 Z - 2 potions of resistance {unknown}
Comestibles
 c - 36 rations
 V - 4 chunks of flesh


   Skills:
 + Level 16.0 Fighting
 + Level 16.0 Long Blades
 + Level 15.8 Armour
 + Level 14.7 Dodging


You had 14 spell levels left.
You didn't know any spells.

Dungeon Overview and Level Annotations

Branches:
Dungeon (15/15)            Temple (0/1) D:6            Lair (6/6) D:8
 Shoals (0/4) Lair:2        Snake (0/4) Lair:2        Slime (0/5) Lair:5
    Orc (0/2) D:11         Vaults (0/5) D:13         Depths (0/5) D:15

Altars:
Fedhas
Kikubaaqudgha
Vehumet
Zin
The Shining One
Jiyva

Shops:
D:13 [   D:15 [

Portals:
Trove: D:14 (give 13 potions of heal wounds)


Innate Abilities, Weirdness & Mutations

You reflexively headbutt those who attack you in melee.
You have a pair of horns on your head.


Message History

The blast of calcifying dust hits you!
* * * LOW HITPOINT WARNING * * *
The guardian serpent hits you!
* * * LOW HITPOINT WARNING * * *
The guardian serpent hits you but does no damage.
The catoblepas gores you but does no damage.
The guardian serpent hits you but does no damage.
The catoblepas gores you but does no damage.
The guardian serpent hits you!
* * * LOW HITPOINT WARNING * * *
The guardian serpent hits you but does no damage.
The catoblepas gores you but does no damage.
The guardian serpent hits you!
* * * LOW HITPOINT WARNING * * *
The catoblepas gores you!
* * * LOW HITPOINT WARNING * * *
The guardian serpent hits you but does no damage.
The guardian serpent hits you but does no damage.
The catoblepas gores you!!
You die...

#####........... ##....
##.#.÷.......P.. ###....
##..##.......... ###..?#
##...#P..##...#####..(.#
#.......## #..###...†.##
#.....P## ###.....†##
##P....## ### ##...%.##
#..P..#.# #.###P.P†.##
###...### #§....@Y.##
##...######.....#S.P#.
#....###.#......§###P.PP.
#.....###.......§##.)..P.
##P#.#.............P.....
###.....................
#.#................##..
##...............#..#
#...............####


You could see a catoblepas and a guardian serpent.

Vanquished Creatures
  Gastronok (Lair:1)
  A frost giant (D:15)
  Fannar (Lair:3)
  5 vault guards
  5 hydras
  A catoblepas (Lair:6)
  Erica (D:8)
  4 centaur warriors
  2 ogre magi
  6 two-headed ogres
  A tengu warrior (D:14)
  Urug (Lair:3)
  Nergalle (D:10)
  A fire crab (shapeshifter) (D:15)
  4 skeletal warriors (D:15)
  3 unseen horrors
  A wizard (D:13)
  12 ugly things
  2 wolf spiders
  2 deep elf magi
  2 statues (D:14)
  3 cyclopes
  2 manticores (D:15)
  9 elephants (Lair:4)
  Maurice (D:11)
  11 spiny frogs
  5 gargoyles
  3 black mambas
  2 torpor snails
  2 kobold demonologists (D:13)
  10 komodo dragons
  2 rime drakes
  A komodo dragon (shapeshifter) (D:15)
  2 yaktaurs
  A tengu conjurer (D:12)
  3 polar bears
  5 trolls
  4 slime creatures (D:12)
  4 hornets
  Grinder (D:5)
  8 blink frogs
  2 dream sheep (D:8)
  9 hippogriffs
  A redback (Lair:6)
  42 yaks
  3 vampires
  6 wyverns
  5 basilisks (Lair:4)
  3 vampire mosquitoes (D:15)
  4 nagas (Lair:2)
  An acid dragon (D:14)
  10 water moccasins
  8 porcupines
  7 orc warriors
  5 phantoms
  A hornet zombie (D:12)
  2 sky beasts
  2 black bears (D:9)
  3 ice beasts
  24 centaurs
  10 ogres
  8 wolves
  9 crocodiles
  7 big kobolds
  18 bullfrogs
  2 wyvern zombies
  A wyvern skeleton (D:13)
  4 scorpions
  11 killer bees
  4 spriggan skeletons (D:13)
  2 electric eels
  16 wights
  2 howler monkeys (D:4)
  5 crimson imps
  A troll skeleton (D:13)
  3 centaur zombies
  2 jellies
  2 quasits
  A bullfrog skeleton (D:12)
  8 orc priests
  7 centaur skeletons
  5 hounds
  13 orc wizards
  Jessica (D:3)
  2 iguanas
  A gnoll shaman (D:9)
  8 worker ants
  A killer bee zombie (D:6)
  A hound skeleton (D:8)
  3 worker ant zombies
  A howler monkey zombie (D:5)
  Robin (D:2)
  9 gnolls
  A howler monkey skeleton (D:10)
  24 adders
  A shadow imp (D:8)
  An adder zombie (D:9)
  An ooze (D:2)
  3 worms
  4 dart slugs
  9 leopard geckos
  40 orcs
  2 ball pythons
  3 giant cockroaches
  15 goblins
  8 hobgoblins
  10 jackals
  3 quokkas
  6 bats
  4 frilled lizards
  A jackal skeleton (D:6)
  10 kobolds
  A leopard gecko skeleton (D:5)
  4 rats
594 creatures vanquished.

Vanquished Creatures (others)
  An orc (D:13)
  6 bushes (D:14)
  6 fungi
  7 plants
20 creatures vanquished.

Grand Total: 614 creatures vanquished

Notes
Turn   | Place    | Note
-------+----------+-------------------------------------------
     0 | D:1      | b5mith the Minotaur Berserker began the quest for the Orb.
     0 | D:1      | Reached XP level 1. HP: 19/19 MP: 0/0
   246 | D:1      | Reached XP level 2. HP: 27/27 MP: 1/1
   798 | D:2      | Reached XP level 3. HP: 33/33 MP: 2/2
   829 | D:2      | Noticed Robin
   835 | D:2      | Reached ** piety under Trog
   885 | D:2      | Killed Robin
  1176 | D:2      | Reached XP level 4. HP: 27/40 MP: 3/3
  2048 | D:3      | Noticed Jessica
  2065 | D:3      | Killed Jessica
  2065 | D:3      | Reached XP level 5. HP: 25/47 MP: 4/4
  2347 | D:3      | Reached *** piety under Trog
  2632 | D:4      | Reached skill level 5 in Fighting
  2632 | D:4      | Reached skill level 5 in Long Blades
  2754 | D:4      | Reached XP level 6. HP: 48/56 MP: 5/5
  3043 | D:5      | Entered Level 5 of the Dungeon
  3050 | D:5      | Noticed Grinder
  3054 | D:5      | Paralysed by Grinder for 2 turns
  3065 | D:5      | Reached skill level 5 in Armour
  3073 | D:5      | Paralysed by Grinder for 4 turns
  3079 | D:5      | Paralysed by Grinder for 7 turns
  3086 | D:5      | Killed Grinder
  3086 | D:5      | Reached XP level 7. HP: 23/63 MP: 6/6
  3368 | D:5      | Reached skill level 5 in Dodging
  3436 | D:5      | Found a radiant altar of Vehumet.
  3437 | D:5      | Found an ancient bone altar of Kikubaaqudgha.
  3510 | D:5      | Found a glowing silver altar of Zin.
  3748 | D:5      | Found a glowing golden altar of the Shining One.
  4266 | D:6      | Reached XP level 8. HP: 67/71 MP: 7/7
  4395 | D:6      | Found a staircase to the Ecumenical Temple.
  4408 | D:6      | Reached **** piety under Trog
  5055 | D:7      | Noticed a hippogriff
  5059 | D:7      | Killed a hippogriff
  5059 | D:7      | Reached XP level 9. HP: 74/81 MP: 8/8
  5579 | D:8      | Noticed Erica
  5590 | D:8      | Killed Erica
  5959 | D:8      | Found a staircase to the Lair.
  5987 | D:8      | Noticed a two-headed hydra
  5999 | D:8      | Killed a nine-headed hydra
  5999 | D:8      | Reached XP level 10. HP: 74/91 MP: 9/9
  6349 | D:8      | Found a blossoming altar of Fedhas.
  6489 | D:9      | Reached ***** piety under Trog
  6548 | D:9      | Reached skill level 10 in Fighting
  6548 | D:9      | Reached skill level 10 in Long Blades
  6832 | D:9      | Reached skill level 10 in Armour
  6846 | D:9      | Found a flagged portal.
  7322 | D:10     | Entered Level 10 of the Dungeon
  7322 | D:10     | Noticed a gargoyle
  7329 | D:10     | Killed a gargoyle
  7335 | D:10     | Received a gift from Trog
  7746 | D:10     | Noticed a gargoyle
  7754 | D:10     | Killed a gargoyle
  7754 | D:10     | Reached XP level 11. HP: 84/101 MP: 10/10
  7803 | D:10     | Noticed Nergalle
  7819 | D:10     | Killed Nergalle
  8444 | D:10     | Noticed a two-headed ogre
  8447 | D:10     | Killed a two-headed ogre
  8656 | D:11     | Noticed Maurice
  8673 | D:11     | Killed Maurice
  8673 | D:11     | Reached skill level 10 in Dodging
  8810 | D:11     | Noticed an unseen horror
  8814 | D:11     | Killed an unseen horror
  8951 | D:11     | Noticed a purple ugly thing
  8962 | D:11     | Killed a purple ugly thing
  8966 | D:11     | Found a staircase to the Orcish Mines.
  9259 | D:12     | Noticed a deep elf mage
  9267 | D:12     | Killed a deep elf mage
  9525 | D:12     | Noticed a green ugly thing
  9534 | D:12     | Noticed a brown ugly thing
  9545 | D:12     | Killed a brown ugly thing
  9550 | D:12     | Killed a brown ugly thing
  9944 | D:12     | Noticed a two-headed ogre
  9950 | D:12     | Killed a two-headed ogre
  9950 | D:12     | Reached XP level 12. HP: 100/112 MP: 11/11
 10503 | D:13     | Noticed a six-headed hydra
 10510 | D:13     | Killed a six-headed hydra
 10514 | D:13     | Noticed a vault guard
 10587 | D:13     | Noticed a vault guard
 10671 | D:13     | Noticed a centaur warrior
 10703 | D:13     | Killed a centaur warrior
 11310 | D:14     | Received a gift from Trog
 11320 | D:14     | HP: 1/113 [red ugly thing (15)]
 11747 | D:14     | Found a portal to a secret trove of treasure.
 11814 | D:14     | Noticed a five-headed hydra
 11832 | D:14     | Killed an eight-headed hydra
 12062 | D:14     | Noticed a tengu warrior
 12431 | D:14     | Noticed a two-headed ogre
 12438 | D:14     | Killed a two-headed ogre
 12438 | D:14     | Reached XP level 13. HP: 49/122 MP: 12/12
 13734 | D:13     | Reached ****** piety under Trog
 14255 | D:13     | Found Osew Seemp's Antique Armour Shop.
 14430 | D:13     | Found a gate to the Vaults.
 14482 | D:14     | Received a gift from Trog
 14819 | D:15     | Entered Level 15 of the Dungeon
 14950 | D:15     | Found Maimpuarch's Armour Boutique.
 15575 | D:15     | Reached XP level 14. HP: 110/133 MP: 13/13
 15695 | D:15     | Noticed a frost giant
 15704 | D:15     | Killed a frost giant
 16196 | D:15     | Found a staircase to the Depths.
 16531 | Lair:1   | Entered Level 1 of the Lair of Beasts
 16857 | Lair:1   | Noticed Gastronok
 16868 | Lair:1   | Killed Gastronok
 16868 | Lair:1   | Reached skill level 15 in Fighting
 16868 | Lair:1   | Reached skill level 15 in Long Blades
 17354 | Lair:2   | Found a staircase to the Shoals.
 17417 | Lair:2   | Found a staircase to the Snake Pit.
 18128 | Lair:3   | Noticed Fannar
 18129 | Lair:3   | Reached skill level 15 in Armour
 18134 | Lair:3   | Killed Fannar
 18242 | Lair:3   | Noticed Urug
 18249 | Lair:3   | Killed Urug
 18936 | Lair:4   | Received a gift from Trog
 18943 | Lair:4   | Got an iridescent triple sword {god gift}
 18944 | Lair:4   | Identified the +8 triple sword of Evolution {freeze, Str+2} (Trog gifted it to you on level 4 of the Lair of Beasts)
 19576 | Lair:4   | Reached XP level 15. HP: 125/143 MP: 14/14
 19893 | Lair:5   | Found a viscous altar of Jiyva.
 19894 | Lair:5   | Found a staircase to the Slime Pits.
 20574 | Lair:6   | Entered Level 6 of the Lair of Beasts
 20730 | Lair:6   | HP: 6/144 [catoblepas (7)]
 20731 | Lair:6   | Slain by a catoblepas

Vault maps used:
D:1:      kilobyte_arrival_exit_the_forest
D:2:      glass_columns_b, serial_bayou_pond_d, uniq_robin
D:3:      moated_statue, uniq_jessica
D:5:      gammafunk_temple_overflow_statue, kennysheep_mini, first_ration,
          lemuel_tele_altar, uniq_grinder
D:6:      temple_fountains
D:8:      fedhas_altar_fruit_tree, lair_entry_dummy, hangedman_ranch, uniq_erica
D:9:      enter_bailey_2
D:10:     uniq_nergalle
D:11:     orc_0_dummy, uniq_maurice
D:12:     grunt_ministairs_10
D:13:     grunt_vaults_entry_fortified, serial_shops, shop,
          hangedman_tell_no_tales
D:14:     enter_trove_0, minmay_dual_archer_statues
D:15:     grunt_enter_depths_snipers, serial_shops, shop,
          minmay_misc_feat_hallway
Lair:1:   serial_bayou_shore_a, uniq_gastronok
Lair:2:   minmay_shoals_entry_centaurs, minmay_snake_entry_guardpost_large,
          infiniplex_staircase_pool_2, lemuel_fruit_tree
Lair:3:   infiniplex_staircase_pool, grunt_megastairs_5, uniq_urug, uniq_fannar
Lair:4:   minmay_lair_venomous_thicket, lookout_lair_type,
          kennysheep_basilisk_garden, serial_bayou_shore_b, grunt_megastairs_3
Lair:5:   slime_altar_1, small_statue_intersection
Lair:6:   guppyfry_lair_end_dragon, hangedman_lair_tendril_chambers, ice2_lemuel

Skill      XL: |  1  2  3  4  5  6  7  8  9 10 11 12 13 14 15 |
---------------+----------------------------------------------+-----
Long Blades    | 4 5 6 7 9 10 12 13 14 15 16 | 16.0
Fighting       | 4 5 6 7 9 10 12 13 14 15 16 | 16.0
Armour         | 3 4 5 6 7 9 10 11 13 14 15 | 15.8
Dodging        | 3 4 5 6 8 9 10 12 13 14 | 14.7

Action                   |  1- 3 |  4- 6 |  7- 9 | 10-12 | 13-15 || total
-------------------------+-------+-------+-------+-------+-------++-------
Melee: Falchion          |    94 |   123 |   120 |       |       ||   337
       Headbutt          |    15 |    26 |    54 |    98 |   140 ||   333
       Great sword       |       |       |    87 |   112 |       ||   199
       Triple sword      |       |       |       |   308 |   543 ||   851
 Fire: Hunting sling     |       |    20 |     8 |    41 |     9 ||    78
Invok: Berserk           |       |       |     2 |     3 |     3 ||     8
Evoke: Wand              |       |       |       |     1 |       ||     1
  Use: Scroll            |       |       |    10 |    13 |     6 ||    29
       Potion            |       |       |       |     1 |       ||     1
 Stab: Petrifying        |       |       |       |       |     1 ||     1
       Petrified         |       |       |       |       |     1 ||     1
  Eat: Chunk             |     1 |     6 |    10 |    22 |    26 ||    65
       Ration            |       |       |       |     1 |     1 ||     2
Armor: Chain mail        |    36 |    92 |   134 |       |       ||   262
       Plate armour      |       |       |    28 |   385 |   341 ||   754
Dodge: Dodged            |    49 |    51 |   137 |   344 |   415 ||   996
Block: Other             |       |       |       |       |    44 ||    44
       Rpst.: Falchion   |    12 |    14 |    10 |       |       ||    36
       Great sword       |       |       |    19 |    12 |       ||    31
       Triple sword      |       |       |       |    60 |   100 ||   160

Table legend:
 A = Spawn XP
 B = Non-spawn XP
 C = Spawn XP percentage of total XP
 D = Spawn monster count
 E = Non-spawn monster count
 F = Spawn count percentage of total count
 G = Total turns spent on level
                    A         B        C        D         E        F      G
               +---------+---------+-------+---------+---------+-------+---------
         Total |       0 |  113139 |   0.0 |       0 |     594 |   0.0 | 20731
               +---------+---------+-------+---------+---------+-------+---------
           D:1 |       0 |      29 |   0.0 |       0 |      15 |   0.0 |   736
           D:2 |       0 |     109 |   0.0 |       0 |      32 |   0.0 |  1196
           D:3 |       0 |     123 |   0.0 |       0 |      23 |   0.0 |   696
           D:4 |       0 |     344 |   0.0 |       0 |      14 |   0.0 |   415
           D:5 |       0 |     662 |   0.0 |       0 |      17 |   0.0 |  1153
           D:6 |       0 |     880 |   0.0 |       0 |      25 |   0.0 |   513
           D:7 |       0 |     966 |   0.0 |       0 |      15 |   0.0 |   749
           D:8 |       0 |    4277 |   0.0 |       0 |      32 |   0.0 |  1032
           D:9 |       0 |    2439 |   0.0 |       0 |      47 |   0.0 |   906
          D:10 |       0 |    3847 |   0.0 |       0 |      28 |   0.0 |  1286
          D:11 |       0 |    3482 |   0.0 |       0 |      24 |   0.0 |   637
          D:12 |       0 |    8079 |   0.0 |       0 |      25 |   0.0 |  1485
          D:13 |       0 |   12262 |   0.0 |       0 |      44 |   0.0 |  1727
          D:14 |       0 |   16967 |   0.0 |       0 |      58 |   0.0 |  2442
          D:15 |       0 |   16571 |   0.0 |       0 |      31 |   0.0 |  1558
        Lair:1 |       0 |    7707 |   0.0 |       0 |      32 |   0.0 |   815
        Lair:2 |       0 |    2493 |   0.0 |       0 |      11 |   0.0 |   654
        Lair:3 |       0 |    8251 |   0.0 |       0 |      30 |   0.0 |   853
        Lair:4 |       0 |   14043 |   0.0 |       0 |      57 |   0.0 |  1027
        Lair:5 |       0 |    4581 |   0.0 |       0 |      20 |   0.0 |   694
        Lair:6 |       0 |    5027 |   0.0 |       0 |      14 |   0.0 |   157
               +---------+---------+-------+---------+---------+-------+---------
